 Dungeon Crawl Stone Soup version 0.19-a0-49-gb8736b8 (webtiles) character file.

71 richardnixon the Firebug (level 4, 0/24 HPs)
             Began as a Deep Elf Fire Elementalist on May 7, 2016.
             Was an Initiate of Cheibriados.
             Slain by an orc
             ... wielding a +0 dagger
              (4 damage)
             ... on level 3 of the Dungeon.
             The game lasted 00:11:44 (2846 turns).

richardnixon the Firebug (DEFE)                     Turns: 2846, Time: 00:11:44

Health: 0/24       AC:  3    Str:  6    XL:     4   Next: 5%
Magic:  7/10       EV: 13    Int: 22    God:    Cheibriados [......]
Gold:   75         SH:  0    Dex: 16    Spells: 3 memorised, 3 levels left

rFire  . . .     SeeInvis .     k - +0 dagger (curse)
rCold  . . .     Gourm    .     a - +0 robe
rNeg   . . .     Faith    .     (no shield)
rPois  .         Spirit   .     (no helmet)
rElec  .         Dismiss  .     (no cloak)
rCorr  .         Reflect  .     (no gloves)
SustAt .         Harm     .     q - +0 pair of boots
MR     .....                    (no amulet)
Stlth  ++........               (no ring)
                                (no ring)

@: very slow, not resistant to hostile enchantments, unstealthy
A: no striking features
a: Bend Time, Renounce Religion


You were on level 3 of the Dungeon.
You worshipped Cheibriados.
Cheibriados was noncommittal.
You were very hungry.

You visited 1 branch of the dungeon, and saw 3 of its levels.

You collected 75 gold pieces.

Inventory:

Hand Weapons
 k - a cursed +0 dagger (weapon)
Armour
 a - a +0 robe (worn)
 q - a +0 pair of boots (worn)
Magical Staves
 l - an uncursed staff of death
Scrolls
 d - 3 scrolls of identify
 e - a scroll of random uselessness {unknown}
 h - a scroll of noise {unknown}
 j - 2 scrolls of teleportation {unknown}
 p - a scroll of magic mapping {unknown}
Potions
 f - a potion of heal wounds {unknown}
 g - 2 potions of cure mutation {unknown}
 i - 3 potions of haste {unknown}
 m - 2 potions of curing {unknown}
 n - a potion of degeneration {unknown}
 o - a potion of might {unknown}
Books
 b - a book of Flames

   Spells                             Type                      Level
   a - Flame Tongue                   Conjuration/Fire             1
   b - Throw Flame                    Conjuration/Fire             2
   c - Conjure Flame                  Conjuration/Fire             3
   d - Inner Flame                    Hexes/Fire                   3
   e - Sticky Flame                   Conjuration/Fire             4
   f - Fireball                       Conjuration/Fire             5
Comestibles
 c - 3 bread rations


   Skills:
 - Level 2.4 Dodging
 + Level 2.7 Stealth
 - Level 3.0 Spellcasting
 - Level 1.1 Conjurations
 + Level 5.3 Fire Magic


You had 3 spell levels left.
You knew the following spells:

 Your Spells              Type           Power        Failure   Level  Hunger
a - Flame Tongue          Conj/Fire      ###..        4%          1    None
b - Throw Flame           Conj/Fire      ###...       8%          2    ##.....
c - Conjure Flame         Conj/Fire      ###.....     12%         3    ###....


Dungeon Overview and Level Annotations

Branches:
Dungeon (3/15)

Altars:
Cheibriados
Nemelex Xobeh
Trog


Message History

There are monsters nearby!
Casting: Flame Tongue
Confirm with . or Enter, or press ? or * to list all spells.
Aiming: Flame Tongue
Press: ? - help, Shift-Dir - straight line, f - orc priest, p - orc
Aim: an orc priest, wielding a dagger The flame tongue hits the orc priest.
The orc priest appears unharmed.
The orc priest misses you. The orc misses you. The orc hits you with a flail.
There are monsters nearby!
Casting: Flame Tongue
Confirm with . or Enter, or press ? or * to list all spells.
Aiming: Flame Tongue
Press: ? - help, Shift-Dir - straight line, f/p - orc priest
Aim: an orc priest, wielding a dagger The flame tongue hits the orc priest.
The orc priest is heavily wounded.
The orc priest hits you with a dagger.
* * * LOW HITPOINT WARNING * * *
The orc hits you with a dagger.
You die...

#+##
#...##
##.....##
#@oS....#
#.oo......
+.........
#.........
##.......#
##.....##
#...##
#+##


You could see an orc priest, an adder and 2 orcs.

Vanquished Creatures
  An ooze (D:3)
  5 worms (D:2)
  2 dart slugs (D:2)
  A giant gecko (D:2)
  An orc (D:2)
  3 giant cockroaches
  3 goblins
  5 hobgoblins
  8 jackals
  A kobold (D:2)
  2 ball pythons
  6 bats (D:2)
  7 rats (D:2)
45 creatures vanquished.

Notes
Turn   | Place    | Note
--------------------------------------------------------------
     0 | D:1      | richardnixon the Deep Elf Fire Elementalist began the quest for the Orb.
     0 | D:1      | Reached XP level 1. HP: 10/10 MP: 6/6
   895 | D:2      | Reached skill level 4 in Fire Magic
   895 | D:2      | Reached XP level 2. HP: 15/15 MP: 4/8
   965 | D:2      | Learned a level 2 spell: Throw Flame
   965 | D:2      | Found a sparkling altar of Nemelex Xobeh.
  1499 | D:2      | Reached XP level 3. HP: 5/19 MP: 0/9
  2112 | D:2      | Learned a level 3 spell: Conjure Flame
  2114 | D:2      | Found a snail-covered altar of Cheibriados.
  2119 | D:2      | Found a bloodstained altar of Trog.
  2135 | D:2      | Became a worshipper of Cheibriados the Contemplative
  2292 | D:2      | Reached skill level 5 in Fire Magic
  2696 | D:3      | Reached XP level 4. HP: 24/24 MP: 1/10
  2846 | D:3      | Slain by an orc

Vault maps used:
D:1:      evilmike_arrival_plus
D:2:      grunt_temple_overflow_open, nemelex_xobeh_ov_fountains_minmay,
          first_bread
D:3:      gammafunk_pakellas_statue_experiment

Skill      XL: |  1  2  3 |
---------------+----------+-----
Fire Magic     | 4 5 |  5.3
Dodging        | |  2.4
Stealth        | |  2.7
Spellcasting   | |  3.0
Conjurations   | |  1.1

Action                   |  1- 3 |  4- 6 || total
-------------------------+-------+-------++-------
Melee: Dagger            |     3 |       ||     3
 Cast: Flame Tongue      |    85 |     4 ||    89
       Throw Flame       |    11 |       ||    11
  Use: Scroll            |     1 |       ||     1
  Eat: Chunk             |     1 |       ||     1
       Bread ration      |     1 |       ||     1
Armor: Robe              |     1 |     1 ||     2
Dodge: Dodged            |    35 |     3 ||    38
